[ AOE2 MATCH · #506414448 ]
UnrankedVietnamese vs Japanese
Player's team · LOSS
Rival team · WIN
[ REPLAY ANALYSIS · EXTRACTED FROM THE RECORDED GAME ]
Feudal
10:14
Castle
25:34
Imperial
—
| APM avg | 46.5 |
| APM peak | 86 |
| eAPM avg | 24.5 |
| Villagers / military | 87 / 72 |
Focus
⚔️ 36.6% · 🌾 63.4%
Archer ×34 · Skirmisher ×17 · Knight ×14 · Mangonel ×4 · Militia ×2 · Battering Ram ×1
Feudal
8:52
Castle
22:40
Imperial
38:15
| APM avg | 45.5 |
| APM peak | 70 |
| eAPM avg | 17.6 |
| Villagers / military | 102 / 100 |
Focus
⚔️ 34.5% · 🌾 65.5%
Cavalry Archer ×79 · Archer ×5 · Skirmisher ×5 · Militia ×4 · Mangonel ×4 · Trebuchet (Packed) ×3
Match map
Initial resources + every placement click. Lines = walls · curves = elevation contours. ◆ gold · ⬟ stone · ● berries · ✦ relic · ◌ wall gap
Your base· Open — 2t gap
SaleMajstor's base· ✓ Closed at 22:40 · 14t walls · 1 gate(s)
Smoothed initial terrain · ◌ = detected wall gap · hover for details
Inputs per minute
— PlvsVltra l Belisario - - SaleMajstor
Build order — PlvsVltra l Belisario
First 150 of 328 actions detected
| 0:01 | Queue | Villager (Male) |
| 0:02 | Build | House |
| 0:02 | Queue | Villager (Male) |
| 0:05 | Queue | Villager (Male) |
| 0:08 | Build | House |
| 0:08 | Queue | Villager (Male) |
| 0:09 | Queue | Villager (Male) |
| 1:23 | Queue | Villager (Male) |
| 1:23 | Queue | Villager (Male) |
| 2:10 | Queue | Villager (Male) |
| 2:17 | Queue | Villager (Male) |
| 2:22 | Build | Lumber Camp |
| 2:34 | Queue | Villager (Male) |
| 3:03 | Queue | Villager (Male) |
| 3:03 | Queue | Villager (Male) |
| 3:28 | Build | House |
| 3:58 | Queue | Villager (Male) |
| 4:03 | Build | House |
| 4:05 | Build | Palisade Wall |
| 4:30 | Queue | Villager (Male) |
| 4:44 | Queue | Villager (Male) |
| 5:18 | Build | Mill |
| 5:21 | Queue | Villager (Male) |
| 5:48 | Queue | Villager (Male) |
| 5:55 | Queue | Villager (Male) |
| 6:33 | Queue | Villager (Male) |
| 6:57 | Build | Barracks |
| 7:03 | Queue | Villager (Male) |
| 7:13 | Research | Loom |
| 7:54 | Build | Mining Camp |
| 8:04 | Research | Feudal Age |
| 8:25 | Queue | Villager (Male) |
| 8:28 | Build | Palisade Wall |
| 8:30 | Build | Palisade Wall |
| 8:31 | Build | Palisade Wall |
| 8:33 | Build | Palisade Wall |
| 8:34 | Build | Palisade Wall |
| 8:36 | Build | Palisade Wall |
| 8:44 | Queue | Militia |
| 8:44 | Queue | Militia |
| 8:55 | Build | Palisade Wall |
| 8:57 | Build | Palisade Wall |
| 8:58 | Build | Palisade Wall |
| 9:28 | Build | Palisade Wall |
| 9:29 | Build | Palisade Wall |
| 9:30 | Build | Palisade Wall |
| 10:06 | Build | Mining Camp |
| 10:13 | Queue | Villager (Male) |
| 10:14 | Age | Feudal Age |
| 10:18 | Build | Archery Range |
| 10:46 | Research | Double-Bit Axe |
| 10:47 | Queue | Villager (Male) |
| 10:51 | Queue | Villager (Male) |
| 11:06 | Build | House |
| 11:08 | Build | House |
| 11:11 | Queue | Archer |
| 11:12 | Queue | Archer |
| 11:24 | Queue | Villager (Male) |
| 11:32 | Build | Watch Tower |
| 11:38 | Queue | Villager (Male) |
| 11:44 | Build | Mining Camp |
| 11:51 | Build | Mining Camp |
| 11:52 | Queue | Villager (Male) |
| 12:01 | Queue | Villager (Male) |
| 12:17 | Queue | Villager (Male) |
| 12:41 | Queue | Villager (Male) |
| 12:53 | Queue | Archer |
| 13:23 | Queue | Villager (Male) |
| 13:28 | Queue | Skirmisher |
| 13:55 | Queue | Villager (Male) |
| 13:57 | Queue | Villager (Male) |
| 14:06 | Queue | Villager (Male) |
| 14:17 | Queue | Villager (Male) |
| 14:23 | Build | Mill |
| 14:32 | Build | Lumber Camp |
| 14:37 | Build | House |
| 14:39 | Build | House |
| 14:53 | Queue | Archer |
| 15:12 | Queue | Archer |
| 15:36 | Research | Horse Collar |
| 15:39 | Build | Farm |
| 15:40 | Build | Farm |
| 15:41 | Build | Farm |
| 15:42 | Build | Farm |
| 16:02 | Build | Farm |
| 16:02 | Build | Farm |
| 16:06 | Build | Farm |
| 16:26 | Build | Farm |
| 16:38 | Build | Farm |
| 16:46 | Build | Farm |
| 16:53 | Queue | Villager (Male) |
| 17:02 | Build | Archery Range |
| 17:11 | Queue | Villager (Male) |
| 17:21 | Build | Farm |
| 17:25 | Queue | Villager (Male) |
| 17:40 | Queue | Villager (Male) |
| 17:41 | Queue | Archer |
| 17:55 | Queue | Villager (Male) |
| 18:28 | Build | House |
| 18:29 | Build | House |
| 18:55 | Queue | Villager (Male) |
| 18:58 | Build | Farm |
| 19:04 | Build | Blacksmith |
| 19:16 | Build | Farm |
| 19:44 | Queue | Villager (Male) |
| 19:59 | Build | Farm |
| 20:03 | Queue | Skirmisher |
| 20:26 | Queue | Villager (Male) |
| 20:35 | Queue | Skirmisher |
| 20:41 | Queue | Skirmisher |
| 20:45 | Queue | Villager (Male) |
| 21:00 | Queue | Villager (Male) |
| 21:30 | Build | Market |
| 21:41 | Queue | Villager (Male) |
| 22:04 | Queue | Villager (Male) |
| 22:54 | Research | Castle Age |
| 22:54 | Research | Castle Age |
| 23:23 | Build | Farm |
| 23:26 | Build | Farm |
| 23:27 | Queue | Archer |
| 23:27 | Queue | Archer |
| 23:36 | Build | House |
| 23:37 | Build | House |
| 23:50 | Build | Palisade Wall |
| 23:59 | Research | Gold Mining |
| 24:06 | Queue | Archer |
| 24:06 | Queue | Archer |
| 24:15 | Research | Fletching |
| 24:46 | Research | Padded Archer Armor |
| 25:02 | Queue | Skirmisher |
| 25:02 | Queue | Skirmisher |
| 25:05 | Queue | Villager (Male) |
| 25:13 | Build | House |
| 25:18 | Queue | Archer |
| 25:19 | Queue | Archer |
| 25:34 | Age | Castle Age |
| 25:40 | Build | Siege Workshop |
| 25:45 | Queue | Villager (Male) |
| 25:48 | Build | Lumber Camp |
| 25:50 | Build | Lumber Camp |
| 25:51 | Research | Bow Saw |
| 26:05 | Queue | Villager (Male) |
| 26:12 | Queue | Archer |
| 26:12 | Queue | Archer |
| 26:19 | Queue | Villager (Male) |
| 26:40 | Build | Town Center |
| 26:46 | Queue | Battering Ram |
| 26:49 | Queue | Archer |
| 26:49 | Queue | Archer |
| 26:51 | Queue | Villager (Male) |
Build order — SaleMajstor
First 150 of 316 actions detected
| 0:00 | Queue | Villager (Male) |
| 0:01 | Queue | Villager (Male) |
| 0:01 | Queue | Villager (Male) |
| 0:01 | Queue | Villager (Male) |
| 0:01 | Queue | Villager (Male) |
| 0:02 | Build | House |
| 0:03 | Build | House |
| 1:35 | Queue | Villager (Male) |
| 1:36 | Queue | Villager (Male) |
| 1:46 | Queue | Villager (Male) |
| 2:15 | Build | Lumber Camp |
| 2:25 | Queue | Villager (Male) |
| 2:47 | Queue | Villager (Male) |
| 2:59 | Build | House |
| 3:05 | Queue | Villager (Male) |
| 3:05 | Queue | Villager (Male) |
| 3:37 | Queue | Villager (Male) |
| 4:12 | Queue | Villager (Male) |
| 4:29 | Queue | Villager (Male) |
| 4:49 | Queue | Villager (Male) |
| 5:10 | Build | Barracks |
| 5:17 | Queue | Villager (Male) |
| 5:42 | Queue | Villager (Male) |
| 5:43 | Research | Loom |
| 6:05 | Build | House |
| 6:28 | Research | Feudal Age |
| 6:33 | Queue | Militia |
| 6:58 | Build | Mining Camp |
| 7:00 | Queue | Militia |
| 7:00 | Queue | Militia |
| 7:33 | Queue | Villager (Male) |
| 7:45 | Queue | Militia |
| 7:53 | Build | Mining Camp |
| 8:18 | Build | House |
| 8:52 | Age | Feudal Age |
| 8:55 | Research | Man-at-Arms (upgrade) |
| 8:58 | Queue | Villager (Male) |
| 9:05 | Build | Mill |
| 9:16 | Build | Watch Tower |
| 9:19 | Build | House |
| 9:32 | Build | Palisade Wall |
| 10:11 | Queue | Villager (Male) |
| 10:23 | Build | Stone Wall |
| 10:25 | Build | Stone Wall |
| 10:38 | Queue | Villager (Male) |
| 10:46 | Queue | Villager (Male) |
| 11:07 | Build | Watch Tower |
| 11:13 | Build | Watch Tower |
| 11:15 | Queue | Villager (Male) |
| 11:38 | Queue | Villager (Male) |
| 11:43 | Research | Double-Bit Axe |
| 11:50 | Research | Horse Collar |
| 12:25 | Build | Archery Range |
| 12:27 | Queue | Villager (Male) |
| 12:29 | Queue | Villager (Male) |
| 12:55 | Queue | Skirmisher |
| 13:07 | Build | House |
| 13:11 | Queue | Skirmisher |
| 13:12 | Queue | Villager (Male) |
| 13:51 | Queue | Villager (Male) |
| 13:53 | Queue | Villager (Male) |
| 14:23 | Build | Watch Tower |
| 14:28 | Queue | Skirmisher |
| 14:29 | Queue | Villager (Male) |
| 14:41 | Queue | Villager (Male) |
| 14:45 | Build | Farm |
| 14:46 | Build | Farm |
| 14:49 | Build | Farm |
| 14:52 | Build | Farm |
| 14:54 | Build | Farm |
| 15:03 | Build | Stone Wall |
| 15:25 | Build | House |
| 15:53 | Queue | Villager (Male) |
| 15:55 | Queue | Archer |
| 15:55 | Queue | Archer |
| 16:12 | Build | Stone Wall |
| 16:13 | Queue | Villager (Male) |
| 16:18 | Build | Market |
| 16:22 | Build | Blacksmith |
| 16:25 | Build | Farm |
| 16:32 | Build | Stone Wall |
| 16:39 | Queue | Villager (Male) |
| 16:42 | Queue | Archer |
| 16:42 | Queue | Archer |
| 16:52 | Build | House |
| 17:07 | Queue | Villager (Male) |
| 17:10 | Build | Farm |
| 17:11 | Build | Farm |
| 17:12 | Build | Farm |
| 17:15 | Build | Farm |
| 17:25 | Research | Fletching |
| 17:40 | Build | Farm |
| 17:42 | Build | Farm |
| 17:43 | Queue | Villager (Male) |
| 18:33 | Queue | Villager (Male) |
| 18:45 | Queue | Villager (Male) |
| 18:53 | Queue | Skirmisher |
| 18:53 | Queue | Skirmisher |
| 19:04 | Build | House |
| 19:52 | Queue | Archer |
| 20:00 | Research | Castle Age |
| 20:03 | Build | House |
| 20:06 | Build | House |
| 20:09 | Build | Palisade Gate |
| 20:10 | Build | House |
| 21:01 | Queue | Villager (Male) |
| 21:27 | Build | Watch Tower |
| 22:01 | Queue | Villager (Male) |
| 22:04 | Build | House |
| 22:40 | Age | Castle Age |
| 22:55 | Build | Siege Workshop |
| 23:06 | Queue | Villager (Male) |
| 23:06 | Queue | Villager (Male) |
| 23:09 | Build | Town Center |
| 23:21 | Queue | Villager (Male) |
| 23:25 | Queue | Cavalry Archer |
| 23:26 | Queue | Cavalry Archer |
| 23:26 | Queue | Cavalry Archer |
| 23:27 | Queue | Cavalry Archer |
| 23:30 | Research | Bodkin Arrow |
| 23:51 | Queue | Villager (Male) |
| 23:53 | Build | House |
| 24:02 | Build | Mill |
| 24:03 | Queue | Villager (Male) |
| 24:07 | Build | House |
| 24:10 | Queue | Villager (Male) |
| 24:14 | Queue | Mangonel |
| 25:03 | Queue | Cavalry Archer |
| 25:09 | Queue | Mangonel |
| 25:11 | Queue | Villager (Male) |
| 25:12 | Queue | Villager (Male) |
| 25:12 | Queue | Villager (Male) |
| 25:23 | Queue | Cavalry Archer |
| 25:33 | Queue | Villager (Male) |
| 25:35 | Build | Archery Range |
| 25:38 | Build | House |
| 25:51 | Queue | Villager (Male) |
| 25:52 | Queue | Villager (Male) |
| 26:03 | Queue | Cavalry Archer |
| 26:22 | Queue | Cavalry Archer |
| 26:22 | Queue | Cavalry Archer |
| 26:22 | Queue | Cavalry Archer |
| 26:23 | Queue | Cavalry Archer |
| 26:30 | Queue | Villager (Male) |
| 26:30 | Queue | Villager (Male) |
| 26:39 | Queue | Villager (Male) |
| 26:43 | Queue | Cavalry Archer |
| 27:16 | Queue | Cavalry Archer |
| 28:10 | Queue | Cavalry Archer |
| 28:10 | Queue | Cavalry Archer |
Match timeline
| 4:05 | PlvsVltra l Belisario · wall_segment Palisade Wall x1 |
| 5:10 | SaleMajstor · first_building Barracks |
| 6:57 | PlvsVltra l Belisario · first_building Barracks |
| 8:28 | PlvsVltra l Belisario · wall_segment Palisade Wall x1 |
| 8:30 | PlvsVltra l Belisario · wall_segment Palisade Wall x1 |
| 8:31 | PlvsVltra l Belisario · wall_segment Palisade Wall x1 |
| 8:33 | PlvsVltra l Belisario · wall_segment Palisade Wall x1 |
| 8:34 | PlvsVltra l Belisario · wall_segment Palisade Wall x1 |
| 8:36 | PlvsVltra l Belisario · wall_segment Palisade Wall x1 |
| 8:52 | SaleMajstor · age_up feudal |
| 8:55 | PlvsVltra l Belisario · wall_segment Palisade Wall x1 |
| 8:57 | PlvsVltra l Belisario · wall_segment Palisade Wall x1 |
| 8:58 | PlvsVltra l Belisario · wall_segment Palisade Wall x1 |
| 9:28 | PlvsVltra l Belisario · wall_segment Palisade Wall x1 |
| 9:29 | PlvsVltra l Belisario · wall_segment Palisade Wall x1 |
| 9:30 | PlvsVltra l Belisario · wall_segment Palisade Wall x1 |
| 9:32 | SaleMajstor · wall_segment Palisade Wall x1 |
| 10:14 | PlvsVltra l Belisario · age_up feudal |
| 10:18 | PlvsVltra l Belisario · first_building Archery Range |
| 10:23 | SaleMajstor · wall_segment Stone Wall x1 |
| 10:25 | SaleMajstor · wall_segment Stone Wall x1 |
| 12:25 | SaleMajstor · first_building Archery Range |
| 15:03 | SaleMajstor · wall_segment Stone Wall x5 |
| 16:12 | SaleMajstor · wall_segment Stone Wall x2 |
| 16:32 | SaleMajstor · wall_segment Stone Wall x4 |
| 22:40 | SaleMajstor · age_up castle |
| 22:46 | PlvsVltra l Belisario · first_market_buy 100 food |
| 22:48 | PlvsVltra l Belisario · first_market_sell 100 wood |
| 22:55 | SaleMajstor · first_building Siege Workshop |
| 23:50 | PlvsVltra l Belisario · wall_segment Palisade Wall x4 |
| 24:13 | SaleMajstor · first_market_sell 100 food |
| 25:34 | PlvsVltra l Belisario · age_up castle |
| 25:40 | PlvsVltra l Belisario · first_building Siege Workshop |
| 29:04 | SaleMajstor · first_market_buy 100 wood |
| 30:35 | SaleMajstor · wall_segment Palisade Wall x1 |
| 32:05 | SaleMajstor · first_building Stable |
| 34:30 | PlvsVltra l Belisario · first_building Stable |
| 38:07 | SaleMajstor · first_building Castle |
| 38:15 | SaleMajstor · age_up imperial |
| 42:18 | SaleMajstor · wall_segment Stone Wall x1 |
| 43:50 | PlvsVltra l Belisario · resign |
[ AI ANALYSIS · 1 CREDIT ]
What really happened in this match?
Wolo.gg analyzes every decision: build order, eco, micro, common mistakes by bracket. Personalized analysis on WhatsApp or Discord in 30 seconds.
Civ guide
Vietnamese
Perfil
Jugador #1142235